 Dungeon Crawl Stone Soup version 0.26-a0-649-gf8c6c3aab7 (webtiles) character file.

Game seed: 11612961032614475352

4977 slambob the Grappler (level 10, -9/92 HPs)
             Began as a Troll Monk on Sept 27, 2020.
             Mangled by a porcupine (11 damage)
             ... on level 9 of the Dungeon on Sept 28, 2020.
             The game lasted 00:34:45 (7469 turns).

slambob the Grappler (Troll Monk)                   Turns: 7469, Time: 00:34:45

Health: -9/92      AC: 11    Str: 23    XL:     10   Next: 29%
Magic:  9/9        EV: 13    Int:  6    God:
Gold:   382        SH:  0    Dex: 13    Spells: 9/9 levels left

rFire    + . .     SeeInvis .     - Unarmed
rCold    . . .     Faith    .   (no shield)
rNeg     . . .     Spirit   .   a - +0 robe
rPois    +         Reflect  .   (helmet restricted)
rElec    .         Harm     .   y - +0 cloak {rPois}
rCorr    .         Rampage  .   (gloves unavailable)
MR       .....                  (boots unavailable)
Stlth    ++........             (no amulet)
HPRegen  0.65/turn              g - +4 ring of protection
MPRegen  0.11/turn              v - ring of protection from fire

@: about to teleport
A: large, unfitting armour, claws 3, regeneration 1, shaggy fur 1, tough skin 3
a: no special abilities


You were on level 9 of the Dungeon.
You visited 1 branch of the dungeon, and saw 9 of its levels.
You also visited: Sewer.

You collected 607 gold pieces.
You spent 225 gold pieces at shops.

Inventory:

Armour
 a - a +0 robe (worn)
 y - a +0 cloak of poison resistance (worn)
Magical Staves
 n - an uncursed staff of cold
Jewellery
 g - a +4 ring of protection (left claw)
 r - a +6 ring of dexterity {unknown}
 v - a ring of protection from fire (right claw)
 F - an uncursed ring of fire {unknown}
 I - a +6 ring of strength {unknown}
Wands
 l - a wand of flame (27)
 o - a wand of digging (4)
Scrolls
 c - 2 scrolls of amnesia
 d - 2 scrolls of remove curse
 f - 5 scrolls of identify
 h - a scroll of fear
 k - a scroll of magic mapping
 m - a scroll of enchant weapon
 w - 2 scrolls of acquirement {unknown}
 z - 5 scrolls of immolation {unknown}
 D - a scroll of enchant armour {unknown}
 G - a scroll of random uselessness {unknown}
 H - 2 scrolls of blinking
 J - a scroll of fog {unknown}
Potions
 b - 3 potions of flight {unknown}
 e - 2 potions of ambrosia {unknown}
 i - 3 potions of heal wounds {unknown}
 j - a potion of resistance
 p - a potion of invisibility {unknown}
 q - a potion of berserk rage {unknown}
 t - 2 potions of curing {unknown}
 u - 2 potions of brilliance {unknown}
 x - a potion of degeneration {unknown}
 A - 2 potions of stabbing {unknown}
 B - a potion of haste {unknown}
 C - 2 potions of lignification {unknown}
 E - 2 potions of might {unknown}


   Skills:
 + Level 3.9 Fighting
 + Level 7.0 Dodging
 + Level 3.2 Stealth
 + Level 11.6 Unarmed Combat
 + Level 1.0 Evocations


You had 9 spell levels left.
You didn't know any spells.
Your spell library was empty.

Dungeon Overview and Level Annotations

Branches:
Dungeon (9/15)             Temple (0/1) D:7           Sewer (visited)
   Lair: D:8-11         Orc: D:9-12

Altars:
Ashenzari
Cheibriados
Elyvilon
Makhleb
Qazlal
Sif Muna
Vehumet
Xom
Yredelemnul
Zin
The Shining One

Shops:
D:4 [

Annotations:
D:9 Prince Ribbit


Innate Abilities, Weirdness & Mutations

You are too large for most types of armour.
You have claws for hands.
Your natural rate of healing is unusually fast.
You are covered in fur. (AC +1)
You have extremely tough skin. (AC +3)


Message History

You kill the gnoll!
The gargoyle hits you with a +0 flail!
* * * LOW HITPOINT WARNING * * *
You claw the gargoyle! Your claw misses the gargoyle.
The gargoyle is heavily damaged.
A porcupine comes into view.
The porcupine bites you.
* * * LOW HITPOINT WARNING * * *
The gargoyle completely misses you.
You are struck by the porcupine's spines.
* * * LOW HITPOINT WARNING * * *
You claw the porcupine! Your claw misses the porcupine.
The porcupine is severely wounded.
The porcupine bites you.
* * * LOW HITPOINT WARNING * * *
You claw the gargoyle!
You destroy the gargoyle!
Your Dodging skill increases to level 7!
The porcupine bites you!
You die...

.........g...........PP.
...###.#........ ..PP..P
...........##g###...P..P
+....#.#...#......P.r...
+....+.#............P.P.
#... ####..##.###...PPP.
#... #.......Fs..9PPP
#.. #..##.##r#....P ...
.....##.##@#


PP9 ####..##.##F# . ............# F.............P.. ..o...............
..o##.##..###...... . ... ..#.#. ##.. ...... #.. .##.#. You could see Prince
Ribbit, a bullfrog, a scorpion and 2 porcupines.

Vanquished Creatures
  A two-headed ogre (D:8)
  A gargoyle (D:9)
  A hippogriff (D:4)
  Eustachio (D:4)
  2 water moccasins
  Purgy (Sewer)
  A sky beast (D:5)
  An orc warrior (D:8)
  4 phantoms
  4 centaurs
  6 ogres
  2 bullfrogs
  A gnoll sergeant (D:8)
  A scorpion (D:4)
  5 killer bees (D:7)
  10 wights (D:6)
  A howler monkey (D:6)
  A quasit (D:8)
  3 orc priests
  2 bullfrog skeletons
  A centaur skeleton (D:6)
  A gnoll shaman (D:5)
  3 hounds
  3 jellies
  2 iguanas
  3 orc wizards
  4 worker ants
  A hound zombie (D:4)
  A hound skeleton (D:7)
  A worker ant zombie (D:5)
  14 gnolls
  14 adders
  3 shadow imps
  A white imp (D:8)
  2 ufetubi
  2 adder skeletons
  An adder zombie (D:5)
  5 worms
  2 dart slugs (D:1)
  10 leopard geckos
  24 orcs
  2 ball pythons
  13 bats
  8 giant cockroaches
  4 goblins
  12 hobgoblins
  10 jackals
  3 quokkas
  6 frilled lizards
  6 kobolds
  2 quokka skeletons
  A quokka zombie (D:6)
  8 rats
222 creatures vanquished.

Vanquished Creatures (others)
  An orc priest (D:9)
  5 fungi (D:9)
  13 plants (D:9)
19 creatures vanquished.

Grand Total: 241 creatures vanquished

Notes
Turn   | Place    | Note
-------+----------+-------------------------------------------
     0 | D:1      | slambob the Troll Monk began the quest for the Orb.
     0 | D:1      | Reached XP level 1. HP: 22/22 MP: 0/0
   125 | D:1      | Reached XP level 2. HP: 29/29 MP: 1/1
   386 | D:1      | Reached XP level 3. HP: 32/36 MP: 2/2
   842 | D:2      | Reached skill level 4 in Unarmed Combat
   842 | D:2      | Reached XP level 4. HP: 42/44 MP: 3/3
  1255 | D:2      | Found a shimmering blue altar of Sif Muna.
  1442 | D:3      | Reached XP level 5. HP: 50/52 MP: 4/4
  1471 | D:3      | Reached skill level 5 in Unarmed Combat
  1787 | D:3      | Found a faded altar of an unknown god.
  1799 | D:3      | Noticed a phantom
  1903 | D:4      | Noticed Eustachio
  1925 | D:4      | Killed Eustachio
  1925 | D:4      | Reached XP level 6. HP: 22/61 MP: 5/5
  2206 | D:4      | Reached skill level 6 in Unarmed Combat
  2225 | D:4      | Noticed a hippogriff
  2242 | D:4      | Killed a hippogriff
  2242 | D:4      | Reached XP level 7. HP: 33/67 MP: 6/6
  2340 | D:4      | You fall into a shaft and drop 1 floor!
  2340 | D:5      | Entered Level 5 of the Dungeon
  2391 | D:5      | Found a glowing drain.
  2409 | Sewer    | Entered a sewer
  2444 | Sewer    | Noticed Purgy
  2481 | Sewer    | Killed Purgy
  2664 | D:5      | Reached skill level 7 in Unarmed Combat
  2670 | D:5      | Reached XP level 8. HP: 61/75 MP: 7/7
  2806 | D:5      | Reached skill level 5 in Dodging
  3463 | D:4      | Found Agrub's Antique Armour Shoppe.
  3498 | D:4      | Reached skill level 8 in Unarmed Combat
  3602 | D:4      | Bought an embroidered cloak for 225 gold pieces
  3758 | D:4      | Found a snail-covered altar of Cheibriados.
  4355 | D:6      | Found a stormy altar of Qazlal.
  4355 | D:6      | Found a glowing silver altar of Zin.
  4355 | D:6      | Found a burning altar of Makhleb.
  4442 | D:6      | Found a white marble altar of Elyvilon.
  4463 | D:6      | Reached skill level 9 in Unarmed Combat
  4463 | D:6      | Reached XP level 9. HP: 83/83 MP: 8/8
  4724 | D:6      | Found a broken altar of Ashenzari.
  5447 | D:7      | Reached skill level 10 in Unarmed Combat
  5570 | D:7      | Found a basalt altar of Yredelemnul.
  5574 | D:7      | Found a glowing golden altar of the Shining One.
  5577 | D:7      | Noticed an angel
  5585 | D:7      | Noticed a profane servitor
  5663 | D:7      | Found a radiant altar of Vehumet.
  5769 | D:7      | Found a flagged portal.
  6154 | D:7      | Found a staircase to the Ecumenical Temple.
  6424 | D:8      | Noticed a two-headed ogre
  6444 | D:8      | Killed a two-headed ogre
  6444 | D:8      | Reached skill level 11 in Unarmed Combat
  6638 | D:8      | Reached XP level 10. HP: 84/92 MP: 9/9
  6785 | D:8      | Reached skill level 1 in Evocations
  7418 | D:9      | Found a shimmering altar of Xom.
  7429 | D:9      | Noticed Prince Ribbit
  7433 | D:9      | Noticed a gargoyle
  7468 | D:9      | HP: 2/92 [porcupine's spines (8)]
  7469 | D:9      | Killed a gargoyle
  7469 | D:9      | Mangled by a porcupine

Illustrated notes

Levels and vault maps discovered:
D:1:      saegor_arrival_simple_c, layout_basic, minmay_box_of_dots
D:2:      layout_basic, led_sif_pool
D:3:      layout_rooms, chequers_ecumenical_altar_simple_redux, nrook_campfire
D:4:      layout_basic, lemuel_coloured_pillars_altar, serial_co_window_serial,
          co_window_corner_a, co_window_paths_a, co_window_of_opportunity_a,
          co_window_corner_a, co_window_paths_a, co_window_paths_a,
          co_window_corner_a, co_window_2corner, co_window_unsneaky_path_a,
          co_window_broadway_c, co_window_paths_e, co_window_4corner_b,
          glass_columns_b, glass_columns_c, glass_columns_a, glass_columns_a,
          glass_columns_a, serial_shops, shop, uniq_eustachio
D:5:      layout_basic, gup_sewer_entry_pipe
D:6:      layout_basic, elyvilon_altar_4,
          chequers_temple_overflow_statue_of_worship, basic_altar
D:7:      layout_basic, grunt_temple_overflow_holy_war,
          minmay_temple_entry_wispy, enter_bailey_8, vehumet_altar_wand_db
D:8:      layout_loops_cross
D:9:      layout_basic, xom_butterflies, due_lair_maze_entry_diamond,
          serial_shops, shop, uniq_prince_ribbit1, uniq_grum, uniq_erolcha

Skill      XL: |  1  2  3  4  5  6  7  8  9 10 |
---------------+-------------------------------+-----
Unarmed Combat | 4 5 6 7 9 11 | 11.6
Dodging        | 3 4 5 6 7 |  7.0
Fighting       | 3 |  3.9
Stealth        | 2 3 |  3.2
Evocations     | 1 |  1.0

Action                   |  1- 3 |  4- 6 |  7- 9 | 10-12 || total
-------------------------+-------+-------+-------+-------++-------
Melee: Unarmed           |   107 |   144 |   312 |    92 ||   655
       Punch             |     3 |     2 |    17 |     4 ||    26
Evoke: Wand              |       |     5 |     3 |       ||     8
  Use: Scroll            |     1 |     5 |     4 |     1 ||    11
 Stab: Sleeping          |     1 |     2 |     5 |     2 ||    10
       Distracted        |       |     1 |       |       ||     1
Armor: Robe              |    42 |    67 |   152 |    28 ||   289
Dodge: Dodged            |    62 |    96 |   217 |    48 ||   423

Table legend: (Time is in decaauts)
 A = Elapsed time spent in this place.
 B = Non-inter-level travel time spent in this place.
 C = Inter-level travel time spent in this place.
 D = Time resting spent in this place.
 E = Time spent auto-exploring this place.
 F = Levels seen in this place.
 G = Mean time per level.
                   A        B        C        D        E       F      G
               +--------+--------+--------+--------+--------+-----+--------+
         Total |   7389 |   7145 |    244 |    723 |   3447 |  10 |  738.9 |
       Dungeon |   7278 |   7034 |    244 |    723 |   3447 |   9 |  808.7 |
         Sewer |    111 |    111 |      0 |      0 |      0 |   1 |  111.0 |
               +--------+--------+--------+--------+--------+-----+--------+

Top non-repeatable levels by time:
     D:4: 1422 daAuts
     D:6: 1023 daAuts
     D:7: 1012 daAuts
     D:8: 988 daAuts
     D:5: 736 daAuts
     D:1: 717 daAuts
     D:2: 691 daAuts
     D:3: 641 daAuts
   Sewer: 111 daAuts
     D:9: 44 daAuts
